[Event "Titled Tuesday Blitz November 22 Early 2022"]
[White "Jarmula, Lukasz"]
[Black "Fiol, Fabrice"]
[WhiteFideId "1160664"]
[BlackFideId "611670"]
[WhiteElo "2357"]
[BlackElo "2460"]
[Result "1-0"]
[Round "06"]
[TimeControl "180+1"]
[Date "2022.11.23"]
[WhiteClock "0:00:32"]
[BlackClock "0:00:14"]

1. e4 c5 2. Nf3 e6 3. d4 cxd4 4. Nxd4 a6 5. c4 Qc7 6. Nc3 d6 7. Be2 Nf6 8. O-O Nbd7 9. f4 b6 10. b4 Bb7 11. Qd3 Rc8 12. Bb2 Be7 13. a3 O-O 14. Rac1 Qb8 15. g4 g6 16. g5 Ne8 17. Nf3 Nc7 18. e5 d5 19. cxd5 Nxd5 20. Nxd5 Bxd5 21. Qxa6 Rxc1 22. Rxc1 Bb7 23. Qd3 Rd8 24. Qe3 Qa8 25. h4 Nb8 26. h5 b5 27. Nh2 Qa6 28. Ng4 Rc8 29. Rd1 Qc6 30. Qh3 Qc2 31. hxg6 hxg6 32. Nh6+ Kf8 33. Nf5 Ke8 34. Qh8+ Bf8 35. Nd6+ Ke7 36. Qf6+ Kd7 37. Qxf7+ Kc6 38. Qxb7# 1-0


[Site "https://www.chess.com"]

[Event "Titled Tuesday Blitz November 22 Early 2022"]
[White "Jeet, Jain"]
[Black "Ostrovskiy, Aleksandr"]
[WhiteFideId "5073022"]
[BlackFideId "2034239"]
[WhiteElo "2067"]
[BlackElo "2340"]
[Result "1-0"]
[Round "06"]
[TimeControl "180+1"]
[Date "2022.11.23"]
[WhiteClock "0:00:17"]
[BlackClock "0:00:08"]

1. d4 Nf6 2. Nc3 d5 3. Bg5 h6 4. Bxf6 exf6 5. Nf3 f5 6. e3 c6 7. Bd3 g6 8. Ne2 Bd6 9. c4 dxc4 10. Bxc4 Nd7 11. O-O O-O 12. a3 Nf6 13. Nc3 Qe7 14. Re1 Ne4 15. Rc1 Re8 16. Qb3 Kg7 17. d5 c5 18. Rcd1 a6 19. a4 h5 20. a5 h4 21. Na4 g5 22. Nb6 Rb8 23. Nxc8 Rbxc8 24. Nd2 Qe5 25. Nf3 Qe7 26. Nd2 g4 27. Nxe4 fxe4 28. Qc3+ Kg6 29. Be2 f5 30. f4 exf3 31. gxf3 g3 32. Bd3 gxh2+ 33. Kh1 Bg3 34. Re2 Qe5 35. Qc2 Kf6 36. Qc4 Rcd8 37. Bc2 Qd6 38. e4 f4 39. b3 Re5 40. Bd3 Qc7 41. Qc2 Qxa5 42. Bc4 Qc7 43. Qd2 Rd6 44. Qc2 b5 45. Bd3 Qe7 46. Rc1 Qc7 47. Qxc5 Qxc5 48. Rxc5 Re7 49. b4 Ke5 50. Rc8 Rdd7 51. Rh8 Rc7 52. Rh5+ Kd4 53. Bc2 Rc3 54. d6 Rd7 55. Rd5+ Kc4 56. Red2 Ra3 57. R5d4+ Kc3 58. R2d3+ Kb2 59. Rxa3 Kxa3 60. e5 Bf2 61. Rd3+ Kb2 62. e6 Rg7 63. Kxh2 Bg1+ 64. Kh3 Bf2 65. e7 Rg3+ 66. Kh2 Bg1+ 67. Kh1 Be3 68. e8=Q h3 69. Rxe3 fxe3 70. Qxe3 Kxc2 71. Qe4+ Kd2 72. Qf4+ Ke2 73. Qxg3 a5 74. bxa5 b4 75. d7 b3 76. d8=Q b2 77. Qe5+ Kf2 78. Qd2+ Kf1 79. Qee1# 1-0


[Site "https://www.chess.com"]

[Event "Titled Tuesday Blitz November 22 Early 2022"]
[White "Jimenez Almeida, Luis David"]
[Black "Ovchinnikov, Vsevolod"]
[WhiteFideId "22242244"]
[BlackFideId "24176842"]
[WhiteElo "2158"]
[BlackElo "2376"]
[Result "1-0"]
[Round "06"]
[TimeControl "180+1"]
[Date "2022.11.23"]
[WhiteClock "0:00:24"]
[BlackClock "0:00:04"]

1. e4 g6 2. h4 h5 3. d4 Bg7 4. Be3 Nf6 5. f3 d5 6. e5 Nh7 7. Nc3 c6 8. Qd2 Bf5 9. Bd3 Bxd3 10. Qxd3 e6 11. Nh3 Qxh4+ 12. Nf2 Qe7 13. O-O-O Na6 14. g4 hxg4 15. Nxg4 O-O-O 16. Qd2 Rdg8 17. Kb1 Nc7 18. Rh2 Nf8 19. Rdh1 Rxh2 20. Rxh2 Rh8 21. Rxh8 Bxh8 22. Bg5 Qe8 23. Qh2 Bg7 24. Ne2 Nd7 25. Nf4 Qg8 26. Qh4 Ne8 27. a3 Nf8 28. Nd3 Qh7 29. Bh6 Nd7 30. Qe7 Bxh6 31. Qxe8+ Kc7 32. Nxh6 Qxh6 33. Qxf7 b6 34. Qxe6 Qh1+ 35. Ka2 Qxf3 36. Qd6+ Kc8 37. Qxc6+ Kd8 38. e6 Nf6 39. Qd6+ Ke8 40. e7 Qf5 41. Qd8+ Kf7 42. Qf8+ Ke6 43. e8=Q+ Nxe8 44. Qxe8+ Kd6 45. Qb8+ Kc6 46. Ne5+ Kb5 47. Qe8+ Ka6 48. Qa4+ Kb7 49. Qd7+ Ka6 50. Qxf5 gxf5 51. Kb3 Kb5 52. Kc3 a5 53. b3 a4 54. b4 f4 55. Kd3 Ka6 56. Ke2 Kb7 57. Kf3 1-0


[Site "https://www.chess.com"]

[Event "Titled Tuesday Blitz November 22 Early 2022"]
[White "Jobava, Baadur"]
[Black "Akbas, Umut Ata"]
[WhiteFideId "13601520"]
[BlackFideId "44572646"]
[WhiteElo "2582"]
[BlackElo "2192"]
[Result "1-0"]
[Round "06"]
[TimeControl "180+1"]
[Date "2022.11.22"]
[WhiteClock "0:00:07"]
[BlackClock "0:00:07"]

1. b3 c5 2. Bb2 Nc6 3. e3 a6 4. c4 Nf6 5. Nf3 d5 6. d4 cxd4 7. Nxd4 Nxd4 8. Qxd4 e6 9. Nc3 Be7 10. cxd5 exd5 11. Rd1 Be6 12. Be2 O-O 13. Bf3 Qa5 14. O-O Rfd8 15. h3 Rac8 16. Na4 b5 17. Nc3 Bc5 18. Qh4 Ba3 19. Bxa3 Qxa3 20. Qd4 Qb2 21. Nxb5 Qxa2 22. Na7 Rc7 23. Qb6 Ne8 24. Nc6 Rd6 25. Qb8 Kf8 26. Nd4 Qa5 27. Ra1 Qb6 28. Qxb6 Rxb6 29. Be2 Bc8 30. Ra5 Nf6 31. Rfa1 Ra7 32. Rc5 Bd7 33. Bf3 Be6 34. Rca5 Ne4 35. Bxe4 dxe4 36. b4 Bc4 37. b5 Rab7 38. bxa6 Ra7 39. Rc1 Rbxa6 40. Rxa6 Bxa6 41. Ra1 Ra8 42. g4 Bb7 43. Rb1 Bd5 44. Rb5 Rd8 45. Kg2 g6 46. Kg3 Kg7 47. g5 Bc4 48. Rb7 Rc8 49. Re7 Rc5 50. h4 Bd5 51. Re5 f6 52. Re7+ Kf8 53. gxf6 Rc6 54. Rxh7 Rxf6 55. Rd7 Bf7 56. Rc7 Bd5 57. Rc5 Rd6 58. Kf4 Rd8 59. Ke5 Bf7 60. Kxe4 Kg7 61. Kf4 Rh8 62. Kg3 Ra8 63. Rg5 Kf6 64. f4 Ra3 65. Kf3 Ra1 66. Re5 Rh1 67. Kg3 Rg1+ 68. Kf2 Rh1 69. Nf3 Bc4 70. Rc5 Bb3 71. Rc6+ Kg7 72. Ne5 Rxh4 73. Rxg6+ Kh7 74. Rb6 Bd5 75. Kg3 Rh1 76. Rd6 Be4 77. Rd7+ Kg8 78. Rc7 Kf8 79. Kg4 Rg1+ 80. Kh4 Bf5 81. Rf7+ Kg8 82. Rxf5 Rh1+ 83. Kg5 Rg1+ 84. Kf6 Rh1 85. Rg5+ Kh8 86. Nf7+ Kh7 87. Rg7# 1-0


[Site "https://www.chess.com"]

[Event "Titled Tuesday Blitz November 22 Early 2022"]
[White "Jones, Daniel"]
[Black "Han, Yichen"]
[WhiteFideId "2019655"]
[BlackFideId "1054430"]
[WhiteElo "2365"]
[BlackElo "2323"]
[Result "0-1"]
[Round "06"]
[TimeControl "180+1"]
[Date "2022.11.23"]
[WhiteClock "0:00:13"]
[BlackClock "0:01:35"]

1. f4 e5 2. fxe5 d6 3. Nf3 dxe5 4. e4 Nc6 5. Bc4 Bc5 6. c3 Nf6 7. b4 Bd6 8. d3 O-O 9. O-O Ne7 10. Qb3 Ng6 11. Ng5 Qe7 12. Be3 a5 13. bxa5 h6 14. Nf3 Ng4 15. Bc1 Rxa5 16. h3 Nf6 17. a4 Nh5 18. Na3 Ngf4 19. Nb5 Ng3 20. Rf2 Bc5 21. d4 Nxe4 22. Bxf4 Nxf2 23. Bxe5 c6 24. dxc5 cxb5 25. Bxb5 Ne4 26. Re1 Ng5 27. Bd6 Nxf3+ 28. gxf3 Qxe1+ 29. Kg2 Qd2+ 0-1


[Site "https://www.chess.com"]

[Event "Titled Tuesday Blitz November 22 Early 2022"]
[White "Kamsky, Gata"]
[Black "Firouzja, Alireza"]
[WhiteFideId "2000024"]
[BlackFideId "12573981"]
[WhiteElo "2666"]
[BlackElo "2903"]
[Result "1/2-1/2"]
[Round "06"]
[TimeControl "180+1"]
[Date "2022.11.22"]
[WhiteClock "0:00:23"]
[BlackClock "0:00:08"]

1. e4 c5 2. Nf3 e6 3. d4 cxd4 4. Nxd4 Nc6 5. Nc3 Nf6 6. Ndb5 d6 7. Bf4 e5 8. Bg5 a6 9. Na3 b5 10. Nd5 Be7 11. Bxf6 Bxf6 12. c4 b4 13. Nc2 a5 14. Be2 O-O 15. O-O g6 16. Bg4 Bb7 17. Qd3 Bg7 18. Rad1 Nd4 19. Nxd4 exd4 20. b3 Ra7 21. g3 Re8 22. Bf3 Bxd5 23. exd5 Rae7 24. Rd2 h5 25. h4 Qd7 26. Kg2 Re1 27. Rxe1 Rxe1 28. Rd1 Re8 29. Rd2 Bf6 30. Re2 Rc8 31. Qe4 Kg7 32. Re1 a4 33. Qd3 axb3 34. axb3 Ra8 35. Qc2 Ra3 36. Be4 Qa7 37. Re2 Ra1 38. Bd3 Qd7 39. c5 dxc5 40. Qxc5 Rd1 41. Bc2 Rc1 42. Qc4 Bxh4 43. Qxd4+ Bf6 44. Qxb4 h4 45. gxh4 Qxd5+ 46. Qe4 Qc5 47. Bd3 Qh5 48. Bc4 g5 49. Re1 Rxe1 50. Qxe1 Qg4+ 51. Kh1 Qf3+ 52. Kg1 Qg4+ 53. Kh1 Qf3+ 54. Kg1 gxh4 55. Qe3 Qg4+ 56. Kh1 Bd4 57. Qe2 Qh3+ 58. Kg1 Qg3+ 59. Kf1 Qf4 60. Kg2 Kf8 61. Bd3 h3+ 62. Kxh3 Bxf2 63. Qg4 Qe3+ 64. Kg2 Qxd3 65. Qc8+ Kg7 66. Qg4+ Kf8 67. Qc8+ Kg7 68. Qg4+ Kh6 69. Qf4+ Kg6 70. Qg4+ Kf6 71. Qf4+ Ke6 72. Qg4+ Ke7 73. Qg5+ Ke6 74. Qg4+ f5 75. Qg8+ Ke5 76. Kxf2 Qd4+ 77. Kf3 Qe4+ 78. Kf2 Qc2+ 79. Kf3 Qd1+ 80. Kf2 Qd2+ 81. Kf3 Qf4+ 82. Ke2 Qe4+ 83. Kf2 Qd4+ 84. Kf3 Qd3+ 85. Kf2 Qd4+ 1/2-1/2


[Site "https://www.chess.com"]

[Event "Titled Tuesday Blitz November 22 Early 2022"]
[White "Khamdamova, Afruza"]
[Black "Ghosh, Chanchal Kumer"]
[WhiteFideId "14210444"]
[BlackFideId "10201858"]
[WhiteElo "2018"]
[BlackElo "2058"]
[Result "1-0"]
[Round "06"]
[TimeControl "180+1"]
[Date "2022.11.23"]
[WhiteClock "0:00:11"]
[BlackClock "0:00:08"]

1. e4 c5 2. Nf3 d6 3. d4 cxd4 4. Nxd4 Nf6 5. Nc3 a6 6. Bg5 e6 7. f4 Be7 8. Qf3 Nbd7 9. O-O-O Qc7 10. g4 O-O 11. Bxf6 Bxf6 12. g5 Bxd4 13. Rxd4 b5 14. Bg2 Bb7 15. Rhd1 Nc5 16. f5 b4 17. Rxb4 d5 18. exd5 exd5 19. Rbd4 Rac8 20. Qh5 Qe5 21. Bxd5 Bxd5 22. Rxd5 Qe3+ 23. Kb1 Ne4 24. Nxe4 Qxe4 25. R5d3 Qxf5 26. a3 Rc5 27. h4 Rcc8 28. Qe2 Rb8 29. Ka1 g6 30. Rd6 a5 31. R6d5 Qf4 32. h5 gxh5 33. Qxh5 Qe4 34. R5d4 Qxc2 35. R4d2 Qf5 36. Qh6 a4 37. Rh2 Rbe8 38. Rdh1 Re6 39. Qxh7+ Qxh7 40. Rxh7 Re5 41. Rh8+ Kg7 42. R1h7+ Kg6 43. Rxf8 Kxh7 44. Rxf7+ Kg6 45. Ra7 Re4 46. Ra5 Rc4 47. Ka2 Kh5 48. Kb1 Kg6 49. Rb5 Rg4 50. Rb4 Rxg5 51. Rxa4 Kf6 52. Re4 Kf5 53. Re1 Rg2 54. Ka2 Kf6 55. a4 Kf5 56. Ka3 Kf6 57. a5 1-0


[Site "https://www.chess.com"]

[Event "Titled Tuesday Blitz November 22 Early 2022"]
[White "Kilic, Eray"]
[Black "Aldokhin, Ivan"]
[WhiteFideId "44517173"]
[BlackFideId "24115720"]
[WhiteElo "2328"]
[BlackElo "2313"]
[Result "1-0"]
[Round "06"]
[TimeControl "180+1"]
[Date "2022.11.23"]
[WhiteClock "0:00:15"]
[BlackClock "0:00:06"]

1. e4 c5 2. Nf3 e6 3. d4 cxd4 4. Nxd4 a6 5. Nc3 Qc7 6. g3 Nf6 7. Bg2 d6 8. O-O Be7 9. Re1 O-O 10. Be3 Nc6 11. Nxc6 bxc6 12. h3 d5 13. exd5 cxd5 14. Qd2 Bb7 15. Bd4 Rac8 16. Rad1 Nd7 17. Bxd5 Bb4 18. Qg5 g6 19. Rxe6 fxe6 20. Bxe6+ Rf7 21. Qh6 Nf6 22. Bxf6 Bf8 23. Qf4 Qxf4 24. gxf4 Rc6 25. Bxf7+ Kxf7 26. Rd7+ Kxf6 27. Rxb7 h5 28. Kg2 Bc5 29. Kf3 Kf5 30. Rf7+ Ke6 31. Rb7 Bd4 32. Ne2 Bf6 33. c3 Rd6 34. Rb4 Rd3+ 35. Ke4 Rxh3 36. Rb6+ Kf7 37. Rxa6 Rh2 38. Ra7+ Kf8 39. Kf3 Bd8 40. Rb7 h4 41. Nd4 Ke8 42. Ne6 Be7 43. a4 Rh1 44. a5 h3 45. a6 Ra1 46. Kg3 Kf7 47. Nc7 Bd6 48. Kxh3 Kf6 49. a7 Kf5 50. a8=Q Rxa8 51. Nxa8 Kxf4 52. Kg2 Be5 53. Rb5 Ke4 54. Nb6 Bf4 55. Nd7 Kd3 56. Rb6 Bc1 57. Rxg6 Kc2 58. Rg3 Kb1 59. c4 Kc2 60. c5 Bxb2 61. c6 1-0


[Site "https://www.chess.com"]

[Event "Titled Tuesday Blitz November 22 Early 2022"]
[White "Kirillov, Dmitry"]
[Black "Papasimakopoulos, Alexandros"]
[WhiteFideId "34180572"]
[BlackFideId "4244125"]
[WhiteElo "2095"]
[BlackElo "2365"]
[Result "0-1"]
[Round "06"]
[TimeControl "180+1"]
[Date "2022.11.23"]
[WhiteClock "0:00:12"]
[BlackClock "0:01:50"]

1. e4 e6 2. d4 d5 3. Nd2 Nf6 4. e5 Nfd7 5. Bd3 c5 6. c3 Nc6 7. Ne2 cxd4 8. cxd4 f6 9. exf6 Nxf6 10. Nf3 Bd6 11. O-O Qc7 12. Bg5 O-O 13. Bh4 Nh5 14. Rc1 Rxf3 15. gxf3 Bxh2+ 16. Kh1 Nf4 17. Kxh2 Nxe2+ 18. Bg3 Nxg3 19. fxg3 Bd7 20. f4 Qb6 21. b3 Nxd4 22. Qh5 Nf5 23. Bxf5 exf5 24. Qf3 Bc6 25. Qf2 Qxf2+ 26. Rxf2 Re8 27. Rd2 Kf7 28. Rcd1 Re3 29. b4 a6 30. a4 Rb3 31. Rd4 Ke6 32. Kh3 g6 33. Kh4 h6 34. Re1+ Kf6 35. Re5 g5+ 36. fxg5+ hxg5+ 0-1


[Site "https://www.chess.com"]

[Event "Titled Tuesday Blitz November 22 Early 2022"]
[White "Kiseljova, Marya"]
[Black "Lohani, Sujana"]
[WhiteFideId "4155009"]
[BlackFideId "12311987"]
[WhiteElo "1907"]
[BlackElo "1691"]
[Result "1-0"]
[Round "06"]
[TimeControl "180+1"]
[Date "2022.11.23"]
[WhiteClock "0:01:47"]
[BlackClock "0:00:06"]

1. d4 g6 2. c4 Bg7 3. Nc3 d6 4. e4 Nf6 5. Be2 O-O 6. Bg5 c5 7. d5 a6 8. a4 Qa5 9. Qd2 Re8 10. Nf3 e6 11. O-O exd5 12. exd5 Nbd7 13. h3 Ne5 14. Nxe5 Rxe5 15. Bf4 Re8 16. Bxd6 Qb6 17. Bf4 Bf5 18. Bd3 Bxd3 19. Qxd3 Qxb2 20. Rfb1 Qxa1 21. Rxa1 Nh5 22. Be3 Rad8 23. Rb1 Rd7 24. Bxc5 Rc8 25. Be3 Nf6 26. Ne4 Ne8 27. c5 Rcd8 28. d6 1-0


[Site "https://www.chess.com"]

[Event "Titled Tuesday Blitz November 22 Early 2022"]
[White "Kleiman, Jake"]
[Black "Kopylov, Alexander A."]
[WhiteFideId "2020041"]
[BlackFideId "4164857"]
[WhiteElo "2583"]
[BlackElo "2436"]
[Result "1/2-1/2"]
[Round "06"]
[TimeControl "180+1"]
[Date "2022.11.23"]
[WhiteClock "0:00:03"]
[BlackClock "0:00:46"]

1. e4 e5 2. Nf3 Nc6 3. Bc4 Nf6 4. d3 Be7 5. O-O O-O 6. Re1 d6 7. a4 h6 8. a5 a6 9. Nc3 Nh7 10. d4 Ng5 11. Bxg5 hxg5 12. dxe5 g4 13. exd6 Bxd6 14. e5 gxf3 15. exd6 fxg2 16. dxc7 Qxc7 17. Nd5 Qd8 18. Ne7+ Nxe7 19. Qxd8 Rxd8 20. Rxe7 Be6 21. Bxe6 fxe6 22. Rxb7 Rd2 23. Kxg2 Rxc2 24. Ra3 Rf8 25. Rf3 Rf5 26. b4 Rb2 27. h4 Kh7 28. Rxf5 exf5 29. Kg3 Kg6 30. Rb6+ Kh5 31. f3 Rb3 32. Rb8 g5 33. Rh8+ Kg6 34. Rg8+ Kf7 35. Rxg5 Kf6 36. Rh5 Kg6 37. Rh8 Rxb4 38. Ra8 Kh5 39. Rxa6 f4+ 40. Kh3 Rb3 41. Kg2 Rb2+ 42. Kf1 Kxh4 43. Rg6 Ra2 44. a6 Kh3 45. Ke1 Kh2 46. Kd1 Kh3 47. Kc1 Ra3 48. Kb2 Ra5 49. Kc3 Ra3+ 50. Kb4 Ra1 51. Kb5 Ra3 52. Rg7 Rxf3 53. a7 Ra3 54. Kb6 f3 55. Rf7 Kg2 56. Kb7 Rb3+ 57. Kc8 Rc3+ 58. Kb8 Rb3+ 59. Kc8 Ra3 60. Kb8 Rb3+ 61. Kc8 1/2-1/2


[Site "https://www.chess.com"]

[Event "Titled Tuesday Blitz November 22 Early 2022"]
[White "Kouskoutis, Georgios-Alexandros"]
[Black "Makhmudov, Shukhrat"]
[WhiteFideId "4234049"]
[BlackFideId "14200775"]
[WhiteElo "2187"]
[BlackElo "2135"]
[Result "1-0"]
[Round "06"]
[TimeControl "180+1"]
[Date "2022.11.23"]
[WhiteClock "0:00:06"]
[BlackClock "0:00:19"]

1. Nf3 d5 2. g3 Nf6 3. Bg2 c6 4. b3 Bg4 5. Bb2 Nbd7 6. O-O e6 7. d4 Be7 8. c4 O-O 9. Nbd2 h6 10. Re1 Qa5 11. h3 Bf5 12. Qc1 Rac8 13. a3 Qc7 14. c5 b6 15. b4 a5 16. Bc3 axb4 17. axb4 bxc5 18. bxc5 Ra8 19. Qb2 Rfb8 20. Rxa8 Rxa8 21. e3 Qa7 22. Bf1 g5 23. Ra1 Qxa1 24. Qxa1 Rxa1 25. Bxa1 Bc2 26. Bc3 Bd8 27. Ne1 Ba4 28. f3 Nh5 29. g4 Ng7 30. Kf2 Ne8 31. Nd3 Bc7 32. Nb2 Bc2 33. Be2 e5 34. Nd3 f6 35. Ne1 Ba4 36. Bd3 Ng7 37. Ke2 Kf7 38. Ng2 Ke7 39. h4 Ne6 40. hxg5 hxg5 41. Nf1 exd4 42. exd4 Nf4+ 43. Nxf4 Bxf4 44. Ne3 Bxe3 45. Kxe3 Bd1 46. Bf1 Nf8 47. Bg2 Ne6 48. Kd2 Bb3 49. Bf1 Nf4 50. Ba5 Kd7 51. Bb6 Ba4 52. Ke3 Ne6 53. Ba5 Bb5 54. Bxb5 cxb5 55. Be1 Kc6 56. Bg3 b4 57. Kd3 Kb5 58. Be1 Nf4+ 59. Ke3 Kc4 60. Bd2 Ne6 61. c6 Kb5 62. Kd3 Nc7 63. f4 gxf4 64. Bxf4 Na6 65. c7 Nxc7 66. Bxc7 Kc6 67. Bd8 Kd7 68. Bxf6 b3 69. Be5 Ke6 70. Kc3 b2 71. Kxb2 Kf7 72. Bf4 Ke6 73. Kb3 Kd7 74. Kb4 Kc6 75. g5 Kd7 76. Kc5 Ke6 77. Kc6 Kf5 78. Kxd5 Kg6 79. Ke6 Kg7 80. d5 Kg6 81. d6 Kh7 82. Kf7 Kh8 83. d7 Kh7 84. g6+ 1-0


[Site "https://www.chess.com"]

[Event "Titled Tuesday Blitz November 22 Early 2022"]
[White "Krzywda, Andrzej"]
[Black "Al-Tarboush, Ward"]
[WhiteFideId "1114565"]
[BlackFideId "7601450"]
[WhiteElo "2149"]
[BlackElo "2273"]
[Result "1-0"]
[Round "06"]
[TimeControl "180+1"]
[Date "2022.11.23"]
[WhiteClock "0:01:30"]
[BlackClock "0:00:01"]

1. e4 c5 2. Nc3 Nc6 3. Bb5 Nd4 4. Nf3 Nxb5 5. Nxb5 a6 6. Nc3 d6 7. d4 cxd4 8. Qxd4 Nf6 9. Bg5 e5 10. Qb4 Be7 11. O-O-O d5 12. Qb3 d4 13. Nxe5 O-O 14. Nf3 Be6 15. Qxb7 Rb8 16. Qxa6 Rxb2 17. Kxb2 dxc3+ 18. Ka1 Qc7 19. Nd4 Bc4 20. Qa4 h6 21. Bc1 Nxe4 22. Nc6 Be6 23. Nxe7+ 1-0


[Site "https://www.chess.com"]

[Event "Titled Tuesday Blitz November 22 Early 2022"]
[White "Kuchava, Ana"]
[Black "Vasques, Antonio Pedro Freixial"]
[WhiteFideId "13605348"]
[BlackFideId "1908332"]
[WhiteElo "2001"]
[BlackElo "2243"]
[Result "0-1"]
[Round "06"]
[TimeControl "180+1"]
[Date "2022.11.23"]
[WhiteClock "0:00:03"]
[BlackClock "0:00:32"]

1. d4 Nf6 2. Nf3 g6 3. c4 Bg7 4. Nc3 O-O 5. e4 d6 6. Be2 Na6 7. O-O e5 8. d5 Nc5 9. Be3 Ncxe4 10. Nxe4 Nxe4 11. Qc2 f5 12. Bd3 Nc5 13. Bxc5 dxc5 14. Nd2 e4 15. Be2 Be5 16. Nb3 b6 17. f4 exf3 18. Bxf3 Bd7 19. Rae1 Bd6 20. Nc1 Qh4 21. g3 Qd4+ 22. Kg2 Rae8 23. Ne2 Qf6 24. Nc3 Re5 25. Rxe5 Qxe5 26. Rf2 Re8 27. Re2 Qd4 28. Rxe8+ Bxe8 29. Qe2 Bd7 30. Nb5 Qe5 31. Nxa7 Qxe2+ 32. Bxe2 Be5 33. b3 h5 34. Nc6 Bd6 35. Kf3 Kf7 36. Bd3 Kf6 37. h3 f4 38. g4 hxg4+ 39. hxg4 Kg5 40. a4 Bxg4+ 41. Kf2 Bd1 42. a5 bxa5 43. Nxa5 Kf6 44. Be2 Bc2 45. Nb7 Bxb3 46. Nxd6 cxd6 47. Kf3 g5 48. Bd3 Bd1+ 49. Kf2 g4 50. Kg2 Ke5 51. Kf2 Kd4 52. Bf1 Bb3 0-1


[Site "https://www.chess.com"]

[Event "Titled Tuesday Blitz November 22 Early 2022"]
[White "Kukreja, Sankalp"]
[Black "Martin, Lewis"]
[WhiteFideId "45027676"]
[BlackFideId "410551"]
[WhiteElo "2154"]
[BlackElo "2145"]
[Result "0-1"]
[Round "06"]
[TimeControl "180+1"]
[Date "2022.11.23"]
[WhiteClock "0:00:02"]
[BlackClock "0:01:12"]

1. e4 c5 2. Nf3 d6 3. d4 cxd4 4. Nxd4 Nf6 5. Nc3 a6 6. Be3 e5 7. Nb3 Be7 8. f3 Be6 9. Qd2 O-O 10. O-O-O b5 11. g4 Nc6 12. g5 Nh5 13. Be2 Rc8 14. Nd5 Bxd5 15. exd5 Nd4 16. Nxd4 exd4 17. Qxd4 Bxg5 18. f4 Bf6 19. Qd2 g6 20. Rhg1 Ng7 21. Bd3 Qd7 22. Qf2 Rfe8 23. Bd4 Bxd4 24. Qxd4 Rc5 25. f5 Nxf5 26. Qf6 Ne3 27. Rde1 Nxd5 28. Qd4 Nc7 29. h4 Rce5 30. Rxe5 Rxe5 31. Rf1 Ne6 32. Qg4 Qe7 33. Rh1 Nc5 34. h5 Re1+ 35. Rxe1 Qxe1+ 36. Qd1 Nxd3+ 0-1


[Site "https://www.chess.com"]

[Event "Titled Tuesday Blitz November 22 Early 2022"]
[White "Kulkarni, Vikramaditya"]
[Black "Weetik, Vjacheslav"]
[WhiteFideId "5009847"]
[BlackFideId "4153472"]
[WhiteElo "2273"]
[BlackElo "2469"]
[Result "0-1"]
[Round "06"]
[TimeControl "180+1"]
[Date "2022.11.23"]
[WhiteClock "0:00:21"]
[BlackClock "0:01:05"]

1. e4 c6 2. Nf3 d5 3. d3 Bg4 4. Be2 e6 5. O-O Nf6 6. h3 Bh5 7. Nc3 Be7 8. Bf4 a5 9. Bg3 Na6 10. Re1 O-O 11. Nh2 Bg6 12. Ng4 dxe4 13. dxe4 Nc5 14. Qxd8 Rfxd8 15. f3 Nxg4 16. hxg4 Bf6 17. Red1 Bd4+ 18. Kf1 e5 19. Bc4 b5 20. Bd3 f6 21. Ne2 Bxb2 22. Rab1 Ba3 23. Bf2 Bf7 24. Nc3 Nxd3 25. cxd3 b4 26. Na4 Bxa2 27. Ra1 Bb3 28. Nc5 Bxd1 29. Rxd1 a4 30. Rb1 b3 31. Ke2 Bxc5 32. Bxc5 a3 0-1


[Site "https://www.chess.com"]

[Event "Titled Tuesday Blitz November 22 Early 2022"]
[White "Le Goff, Damien"]
[Black "Melikyan, Gnel"]
[WhiteFideId "634808"]
[BlackFideId "54109990"]
[WhiteElo "2415"]
[BlackElo "2138"]
[Result "0-1"]
[Round "06"]
[TimeControl "180+1"]
[Date "2022.11.23"]
[WhiteClock "0:01:21"]
[BlackClock "0:01:05"]

1. d4 c5 2. d5 e5 3. c4 f5 4. Nc3 Nf6 5. e4 fxe4 6. Nge2 d6 7. Ng3 Be7 8. Ngxe4 O-O 9. Bd3 Nbd7 10. Ng3 g6 11. Bh6 Rf7 12. h3 Nf8 13. Qc2 Ne8 14. Nce4 Ng7 15. O-O Nf5 16. Be3 h5 17. Rae1 h4 18. Nxf5 gxf5 19. Nc3 e4 20. Be2 f4 21. Bc1 f3 22. gxf3 exf3 23. Bd3 Bxh3 24. Kh2 Bg2 25. Re4 Qd7 0-1


[Site "https://www.chess.com"]

[Event "Titled Tuesday Blitz November 22 Early 2022"]
[White "Le, Tuan Minh"]
[Black "Kravtsiv, Martyn"]
[WhiteFideId "12401153"]
[BlackFideId "14113147"]
[WhiteElo "2530"]
[BlackElo "2694"]
[Result "1-0"]
[Round "06"]
[TimeControl "180+1"]
[Date "2022.11.22"]
[WhiteClock "0:00:08"]
[BlackClock "0:00:03"]

1. d4 d5 2. Nf3 Nf6 3. Bf4 e6 4. e3 c5 5. c3 Nc6 6. Nbd2 Bd6 7. Bg3 O-O 8. Bb5 Ne7 9. Bd3 Nf5 10. Ne5 Qc7 11. Bxf5 exf5 12. Nd3 c4 13. Nf4 b5 14. h4 Bb7 15. a3 a5 16. Qf3 Rfe8 17. O-O Ne4 18. Nxe4 dxe4 19. Qe2 g6 20. a4 b4 21. d5 Rac8 22. Rfd1 Red8 23. Rd2 Be5 24. Rc1 Rd7 25. Qd1 Qb8 26. Ne2 Rcd8 27. Bxe5 Qxe5 28. cxb4 Rxd5 29. Rd4 Rxd4 30. Nxd4 f4 31. Rxc4 fxe3 32. fxe3 Qg3 33. Qe2 axb4 34. Qf2 Qd6 35. b3 Bd5 36. Rc1 h5 37. Nb5 Qe5 38. Nd4 Kg7 39. Qe1 Qd6 40. Rd1 Qe7 41. Qg3 Kh7 42. Rc1 Rd7 43. Qf4 Bb7 44. a5 Rd5 45. Rc7 Rd7 46. Rxd7 Qxd7 47. Qe5 Ba6 48. Qf6 Qc7 49. Qxa6 Qc1+ 50. Kf2 Qd2+ 51. Ne2 Qd8 52. g3 Qe7 53. Qb6 Qe5 54. a6 Qf5+ 55. Nf4 1-0


[Site "https://www.chess.com"]

[Event "Titled Tuesday Blitz November 22 Early 2022"]
[White "Lehtosaari, Mauri"]
[Black "Matveeva, Olga"]
[WhiteFideId "501999"]
[BlackFideId "24107018"]
[WhiteElo "2506"]
[BlackElo "2055"]
[Result "1-0"]
[Round "06"]
[TimeControl "180+1"]
[Date "2022.11.23"]
[WhiteClock "0:00:33"]
[BlackClock "0:00:16"]

1. d4 Nf6 2. Nf3 e6 3. Bg5 d5 4. e3 Nbd7 5. Bd3 h6 6. Bh4 Be7 7. Nbd2 c5 8. c3 b6 9. O-O Bb7 10. Ne5 O-O 11. f4 Ne4 12. Bxe7 Qxe7 13. Nxd7 Qxd7 14. Nf3 cxd4 15. exd4 f5 16. Ne5 Qe8 17. Rf3 Qh5 18. Qc2 a5 19. Qe2 Kh7 20. Re1 Rad8 21. a3 Kg8 22. Qe3 Kh7 23. Rh3 Qe8 24. g4 g6 25. g5 h5 26. Qe2 Kg7 27. Bb5 Qe7 28. Nxg6 Qf7 29. Ne5 Qe7 30. Qxh5 1-0


[Site "https://www.chess.com"]

[Event "Titled Tuesday Blitz November 22 Early 2022"]
[White "Ljukin, Sergei"]
[Black "Saravana, Krishnan P."]
[WhiteFideId "14102200"]
[BlackFideId "5018382"]
[WhiteElo "2312"]
[BlackElo "2155"]
[Result "1-0"]
[Round "06"]
[TimeControl "180+1"]
[Date "2022.11.23"]
[WhiteClock "0:00:16"]
[BlackClock "0:00:18"]

1. e4 Nf6 2. e5 Nd5 3. c4 Nb6 4. d4 d6 5. f4 dxe5 6. fxe5 Nc6 7. Be3 Bf5 8. Nc3 e6 9. Nf3 Bb4 10. Bd3 Bg4 11. O-O O-O 12. Ne4 Bxf3 13. Rxf3 Be7 14. Nf6+ Bxf6 15. exf6 g6 16. Be2 e5 17. d5 e4 18. Rf4 Ne5 19. Qe1 Re8 20. Qh4 h5 21. Qg5 Qd6 22. c5 Qf8 23. cxb6 axb6 24. Bxh5 Nd7 25. Bxg6 Re5 26. Bf5+ 1-0


[Site "https://www.chess.com"]

[Event "Titled Tuesday Blitz November 22 Early 2022"]
[White "Madaminov, Mukhiddin"]
[Black "Korchmar, Vasiliy"]
[WhiteFideId "14210703"]
[BlackFideId "24131750"]
[WhiteElo "2341"]
[BlackElo "2370"]
[Result "1-0"]
[Round "06"]
[TimeControl "180+1"]
[Date "2022.11.22"]
[WhiteClock "0:00:06"]
[BlackClock "0:00:02"]

1. d4 d5 2. Nc3 Nf6 3. Bf4 a6 4. e3 b5 5. Bd3 e6 6. Nf3 Bb7 7. Ne2 Nbd7 8. Ng3 c5 9. c3 Be7 10. Ne5 Nxe5 11. Bxe5 O-O 12. Nh5 g6 13. Nxf6+ Bxf6 14. f4 Bh4+ 15. g3 Be7 16. dxc5 f6 17. Bd4 Qc7 18. Qg4 e5 19. fxe5 f5 20. Qf4 Bxc5 21. O-O Rae8 22. h4 Qe7 23. h5 Rf7 24. hxg6 hxg6 25. Kg2 b4 26. Rh1 bxc3 27. bxc3 Bxd4 28. cxd4 Qa3 29. Be2 Bc6 30. Rh6 Rg7 31. Rah1 Qxa2 32. Qf2 Bb5 33. Bxb5 Qxf2+ 34. Kxf2 axb5 35. Rc1 Rb8 36. Rc6 b4 37. Rc2 b3 38. Rb2 Ra7 39. Rxg6+ Kf7 40. Rf6+ Ke7 41. Kf3 Ra2 42. Rxa2 bxa2 43. Ra6 Rb2 44. g4 fxg4+ 45. Kxg4 Rf2 46. Kg3 Re2 47. Kf3 Rb2 48. e4 Rb3+ 49. Kf4 Rb4 50. Ke3 Rb3+ 51. Kf4 Rb4 52. Ra7+ Ke8 53. exd5 Rxd4+ 54. Kf5 Rxd5 55. Ke6 Rd8 56. Rxa2 Rb8 57. Kf6 1-0


[Site "https://www.chess.com"]